 Dungeon Crawl Stone Soup version 0.30-a0-859-gf88a04b62d (webtiles) character file.

Game seed: 471127637111558638

13 Firecrotchwizard the Magician (level 2, -1/22 HPs)
             Began as a Djinni Fire Elementalist on Mar 6, 2023.
             Slain by a hobgoblin (4 damage)
             ... on level 1 of the Dungeon.
             The game lasted 00:01:07 (389 turns).

Firecrotchwizard the Magician (DjFE)                 Turns: 389, Time: 00:01:07

Health: -1/22      AC:  2    Str:  7    XL:     2   Next: 50%
Gold:   54         EV: 12    Int: 16    God:
                   SH:  0    Dex: 13

rFire   + + .      SeeInvis .    f - +0 short sword
rCold   x . .      Faith    .    (no shield)
rNeg    . . .      Spirit   .    a - +0 robe
rPois   ∞          Reflect  .    (no helmet)
rElec   .          Rampage  .    (no cloak)
rCorr   .                        (no gloves)
Will    .....                    (boots unavailable)
Stlth   ++                       (no amulet)
HPRegen 0.23/turn                (no ring)
MPRegen 0.00/turn                (no ring)

@: flying, very slightly contaminated
A: sickness immunity, fire resistance 2, cold vulnerability 1, float, innate
caster, HP casting, extra vitality 1
a: no special abilities


You were on level 1 of the Dungeon.
You visited 1 branch of the dungeon, and saw 1 of its levels.

You collected 54 gold pieces.

Inventory:

Hand Weapons
 f - a +0 short sword (weapon)
   (You took it off a kobold on level 1 of the Dungeon)
Missiles
 d - 4 poisoned darts
Armour
 a - a +0 robe (worn)
Scrolls
 b - a scroll of silence {unknown}
 e - 2 scrolls of identify {unknown}
Potions
 c - a potion of lignification {unknown}
 g - 3 potions of berserk rage {unknown}


   Skills:
 + Level 1.2 Fighting
 - Level 2.1 Dodging
 - Level 1.5 Stealth
 + Level 2.7 Spellcasting


You knew the following spells:

 Your Spells              Type           Power      Damage    Failure   Level
a - Foxfire               Conj/Fire      40%        2x1d6     6%          1
b - Scorch                Fire           20%        2d6       10%         2
c - Kindle Blastsparks    Fire/Tloc/Air  20%        2d11      19%         3
d - Inner Flame           Hex/Fire       10%        N/A       19%         3
e - Flame Wave            Conj/Fire      10%        2d6       54%         4
Your spell library was empty.

Dungeon Overview and Level Annotations

Branches:
Dungeon (1/15)

Altars:


Innate Abilities, Weirdness & Mutations

You are immune to sickness and miasma.
You are immune to poison.
Your flesh is very heat resistant. (rF++)
You are vulnerable to cold. (rC-)
You float through the air rather than walking.
You learn spells naturally, not from books.
Your magical power is your life essence.
You have superior vitality. (+4 MHP)


Message History

The quokka attacks as you move away! The quokka barely misses you.
The foxfire hits the quokka.
You kill the quokka!
Your Fighting skill increases to level 1!
You have reached level 2!
You regained 6 hp, and now have 21/22 hp.
You conjure some foxfire!
You take 1 damage, and have 20/22 hp.
The foxfire hits the kobold.
You kill the kobold!
f - a +0 short sword
f - a +0 short sword (weapon)
e - 2 scrolls labelled FAERHO ZEHE (gained 1)
You now have 43 gold pieces (gained 9).
You now have 54 gold pieces (gained 11).
Found a stone staircase leading down.
Health restored: 22 A rat comes into view.
You conjure some foxfire!
You take 1 damage, and have 21/22 hp.
The foxfire hits the rat.
You kill the rat!
You miscast Foxfire.
You are very lightly contaminated with residual magic.
Nothing appears to happen.
Okay, then.
Your magical contamination has completely faded away.
Health restored: 22
g - 3 bubbling silvery potions You see here a rat corpse.
You reach down and open the door.
There is an open door here.
You see here a rat corpse.
An endoplasm comes into view.
The endoplasm quivers.
You conjure some foxfire!
You hit the endoplasm.
The foxfire hits the endoplasm.
You kill the endoplasm!
You conjure some foxfire!
You take 1 damage, and have 21/22 hp.
Found a stone staircase leading down.
Health restored: 22 You reach down and open the door.
A hobgoblin and 2 endoplasms come into view.
You conjure some foxfire!
The hobgoblin shouts!
The endoplasm quivers.
You hear a shout!
You take 1 damage, and have 21/22 hp.
The foxfire hits the endoplasm.
You kill the endoplasm!
Health restored: 22 You conjure some foxfire!
You take 1 damage, and have 21/22 hp.
You see here a book of Necromancy.
You miscast Foxfire.
You are very lightly contaminated with residual magic.
Nothing appears to happen.
The endoplasm jiggles.
You conjure some foxfire!
You take 1 damage, and have 20/22 hp.
The endoplasm attacks as you move away! The endoplasm hits you.
The foxfire hits the endoplasm. x2
You take 1 damage, and have 19/22 hp.
You conjure some foxfire!
The endoplasm freezes you.
You are frozen.
You feel a terrible chill!
You take 4 damage, and have 15/22 hp.
You miscast Foxfire.
Nothing appears to happen.
The foxfire hits the hobgoblin but does no damage.
The foxfire hits the hobgoblin.
The hobgoblin hits you. The endoplasm freezes you.
You are frozen.
You take 5 damage, and have 10/22 hp.
MASSIVE DAMAGE!!
You miscast Foxfire.
Nothing appears to happen.
The endoplasm freezes you.
You are frozen.
You feel a terrible chill!
* * * LOW HITPOINT WARNING * * *
The hobgoblin barely misses you.
You take 7 damage, and have 3/22 hp.
MASSIVE DAMAGE!!
You conjure some foxfire!
* * * LOW HITPOINT WARNING * * *
The hobgoblin closely misses you.
The endoplasm hits you but does no damage.
You take 1 damage, and have 2/22 hp.
The endoplasm attacks as you move away!
The endoplasm hits you but does no damage.
The foxfire hits the hobgoblin but does no damage.
You closely miss the hobgoblin. The hobgoblin closely misses you.
The endoplasm attacks as you move away! The endoplasm completely misses you.
You hit the endoplasm.
You kill the endoplasm!
You closely miss the hobgoblin. The hobgoblin hits you.
You die...

!.!.. #.....# ......
#.....#
......####.....#
...g..'.##.....###
#.## #...........
.... ##:......# ####
## ####.......+ . ..
##...####....###
###.#
#....+.@g.....[#.#P.
...
#....####....#.#.#P.
. .#########....#
#.#.......P .P.
.........#....#
#.##.....#


PPPPP ####.###.#....# #.##.....#P..... ...#...#...# #.##.....#PPP.PP
.#.###.###.# #####.#........#..## .#...#...#.# #..................#
.###.###.#.###.###.##..#....#.#.# You could see a hobgoblin.

Vanquished Creatures
  A dart slug (D:1)
  3 endoplasms (D:1)
  A giant cockroach (D:1)
  A kobold (D:1)
  A quokka (D:1)
  A bat (D:1)
  2 rats (D:1)
10 creatures vanquished.

Vanquished Creatures (others)
  30 foxfires (D:1)
30 creatures vanquished.

Grand Total: 40 creatures vanquished

Notes
Turn   | Place    | Note
-------+----------+-------------------------------------------
     0 | D:1      | Firecrotchwizard the Djinni Fire Elementalist began the
                  | quest for the Orb.
     0 | D:1      | Firecrotchwizard set off with the following spells
                  | memorised: Foxfire, Scorch, Kindle Blastsparks, Inner
                  | Flame, Flame Wave.
     0 | D:1      | Reached XP level 1. HP: 15/15 MP: 0/0
   226 | D:1      | Reached skill level 1 in Fighting
   226 | D:1      | Reached XP level 2. HP: 21/22 MP: 0/0
   382 | D:1      | HP: 3/22 [frozen (6)]
   389 | D:1      | Slain by a hobgoblin

Illustrated notes

Levels and vault maps discovered:
D:1:      psy_arrival_radial02, layout_basic, minmay_hedge_maze,
          minmay_pentomino_p4

Skill      XL: |  1 |
---------------+----+-----
Fighting       | 1 |  1.2
Dodging        | |  2.1
Stealth        | |  1.5
Spellcasting   | |  2.7

Action                     || total
---------------------------++-------
  Melee: Unarmed           ||     3
         Short sword       ||     4
   Cast: Foxfire           ||    18
 Armour: Robe              ||     4
  Dodge: Dodged            ||    12

Table legend: (Time is in decaauts)
 A = Elapsed time spent in this place.
 B = Non-inter-level travel time spent in this place.
 C = Inter-level travel time spent in this place.
 D = Time resting spent in this place.
 E = Time spent auto-exploring this place.
 F = Levels seen in this place.
 G = Mean time per level.
                   A        B        C        D        E       F      G
               +--------+--------+--------+--------+--------+-----+--------+
         Total |    388 |    388 |      0 |      0 |    313 |   1 |  388.0 |
       Dungeon |    388 |    388 |      0 |      0 |    313 |   1 |  388.0 |
               +--------+--------+--------+--------+--------+-----+--------+

Top non-repeatable levels by time:
     D:1: 388 daAuts

Table legend:
 A = Kills in this place as a percentage of kills in the entire game.
 B = Kills by you in this place as a percentage of kills by you in the entire game.
 C = Kills by friends in this place as a percentage of kills by friends in the entire game.
 D = Other kills in this place as a percentage of other kills in the entire game.
 E = Experience gained in this place as a percentage of experience gained in the entire game.
 F = Experience gained in this place divided by the number of levels of this place that you have seen.
                   A       B       C       D       E      F
               +-------+-------+-------+-------+-------+----------------------
         Total | 100.0 | 100.0 |   N/A |   N/A | 100.0 |  19.0
       Dungeon | 100.0 | 100.0 |   N/A |   N/A | 100.0 |  19.0
               +-------+-------+-------+-------+-------+----------------------
